 Dungeon Crawl Stone Soup version 0.22.0-13-g43fe8f24b8 (webtiles) character file.

26 P0NYSLAYSTATION the Skirmisher (level 3, 33/33 HPs)
             Began as a Hill Orc Fighter on Aug 16, 2018.
             Was a Follower of Makhleb.
             Got out of the dungeon alive.
             The game lasted 00:03:49 (556 turns).

P0NYSLAYSTATION the Skirmisher (Hill Orc Fighter)    Turns: 556, Time: 00:03:50

Health: 33/33      AC:  6    Str: 19    XL:     3   Next: 8%
Magic:  3/3        EV:  7    Int:  8    God:    Makhleb [*.....]
Gold:   81         SH:  9    Dex: 10    Spells: 2/2 levels left

rFire    . . .     SeeInvis .   a - +0 trident
rCold    . . .     Gourm    .   c - +0 shield
rNeg     . . .     Faith    .   b - +0 scale mail
rPois    .         Spirit   .   (no helmet)
rElec    .         Reflect  .   (no cloak)
rCorr    .         Harm     .   (no gloves)
MR       .....                  (no boots)
Stlth    ..........             (no amulet)
HPRegen  0.11/turn              (no ring)
MPRegen  0.08/turn              (no ring)

@: no status effects
A: no striking features
a: Renounce Religion


You escaped.
You worshipped Makhleb.
Makhleb was aware of your devotion.
You were not hungry.

You visited 1 branch of the dungeon, and saw 2 of its levels.

You collected 81 gold pieces.

Inventory:

Hand Weapons
 a - a +0 trident (weapon)
Armour
 b - a +0 scale mail (worn)
 c - a +0 shield (worn)
Jewellery
 e - a cursed ring of attention {unknown}
Wands
 h - a wand of disintegration (15)
Scrolls
 l - a scroll of teleportation {unknown}
Potions
 d - a potion of might
 g - a potion of mutation {unknown}
 i - a potion of haste {unknown}
 k - a potion of curing {unknown}
Comestibles
 f - a ration
 j - a chunk of flesh


   Skills:
 + Level 3.9 Fighting
 + Level 3.0 Polearms
 + Level 3.5 Armour
 + Level 0.2 Dodging
 + Level 3.4 Shields


You had 2 spell levels left.
You didn't know any spells.
Your spell library was empty.

Dungeon Overview and Level Annotations

Branches:
Dungeon (2/15)

Altars:
Makhleb


Message History

No target in view!
No target in view!
You now have 81 gold pieces (gained 13).
You see here a club.
There is a dry fountain here.
There is a staircase leading out of the dungeon here.
Are you sure you want to leave the Dungeon?
This will make you lose the game! [Y]es or [N]o only, please.
Are you sure you want to leave the Dungeon?
This will make you lose the game!
Uppercase [Y]es or [N]o only, please.
Are you sure you want to leave the Dungeon?
This will make you lose the game! [Y]es or [N]o only, please.
Are you sure you want to leave the Dungeon?
This will make you lose the game! [Y]es or [N]o only, please.
Are you sure you want to leave the Dungeon?
This will make you lose the game! [Y]es or [N]o only, please.
Are you sure you want to leave the Dungeon?
This will make you lose the game!
Uppercase [Y]es or [N]o only, please.
Are you sure you want to leave the Dungeon?
This will make you lose the game!
You have escaped!

..............# ###
#.#.. ......#.#######
#.#.# ##...####.### ##.
#.#.# ##.####....###
##... #.#.##
#.###..⌠(...#####....⌠
#.....
#.##.....⌠....#....⌠..
###.##
#.##..⌠....⌠.....⌠....
#.##
#.##..................
#..(
#.########....@....##
#### #.# ####...####
#.# ##...## #.######
##..⌠..## ###
#......####.......##
...
##.###...##[.⌠...⌠..##
###
##...##>###.....⌠.....#
........# ###.......###
##...#### ####.####


There were no monsters in sight!

Vanquished Creatures
  2 oozes (D:1)
  2 dart slugs (D:1)
  2 goblins (D:1)
  A hobgoblin (D:1)
  2 kobolds
  2 bats
  3 rats (D:1)
14 creatures vanquished.

Notes
Turn   | Place    | Note
-------+----------+-------------------------------------------
     0 | D:1      | P0NYSLAYSTATION the Hill Orc Fighter began the quest for the Orb.
     0 | D:1      | Reached XP level 1. HP: 19/19 MP: 1/1
    63 | D:1      | Reached XP level 2. HP: 21/27 MP: 2/2
   357 | D:2      | Found a faded altar of an unknown god.
   374 | D:2      | Became a worshipper of Makhleb the Destroyer
   374 | D:2      | Reached * piety under Makhleb
   480 | D:1      | Reached XP level 3. HP: 31/33 MP: 3/3
   556 | D:$      | Got out of the dungeon alive.

Skill      XL: |  1  2 |
---------------+-------+-----
Polearms       | 3 |  3.0
Fighting       | |  3.9
Armour         | |  3.5
Dodging        | |  0.2
Shields        | |  3.4

Action                   || total
-------------------------++-------
Melee: Trident           ||    45
Armor: Scale mail        ||    18
Dodge: Dodged            ||     9
Block: Shield            ||    25
